 Dungeon Crawl Stone Soup version 0.26-a0-651-gb41185065b (webtiles) character file.

Game seed: 4707841421417263330

39 gbos the Digger (level 3, 0/26 HPs)
             Began as a Ghoul Earth Elementalist on Oct 16, 2020.
             Slain by a quokka (4 damage)
             ... on level 2 of the Dungeon.
             The game lasted 00:01:33 (1349 turns).

gbos the Digger (Ghoul Earth Elementalist)          Turns: 1349, Time: 00:01:34

Health: 0/26       AC:  2    Str: 11    XL:     3   Next: 45%
Magic:  0/5        EV: 12    Int: 11    God:
Gold:   37         SH:  0    Dex:  9    Spells: 6/7 levels left

rFire    . . .     SeeInvis .   (no weapon)
rCold    + . .     Faith    .   (no shield)
rNeg     + + +     Spirit   .   c - +0 robe
rPois    ∞         Reflect  .   (no helmet)
rElec    .         Harm     .   (no cloak)
rCorr    .         Rampage  .   (no gloves)
MR       .....                  (no boots)
Stlth    ++........             (no amulet)
HPRegen  0.00/turn              (no ring)
MPRegen  0.09/turn              (no ring)

@: no status effects
A: rotting body, claws 1, cold resistance 1, negative energy resistance 3,
inhibited regeneration, torment resistance, unbreathing
a: no special abilities


You were on level 2 of the Dungeon.
You visited 1 branch of the dungeon, and saw 2 of its levels.

You collected 37 gold pieces.


Innate Abilities, Weirdness & Mutations

Your body is rotting away.
You thrive by killing the living.
You are immune to poison.
You have sharp fingernails.
Your flesh is cold resistant. (rC+)
You are immune to negative energy. (rN+++)
You do not regenerate when monsters are visible.
You are immune to unholy pain and torment.
You can survive without breathing.


   Skills:
 - Level 1.7 Dodging
 - Level 2.1 Stealth
 + Level 2.5 Spellcasting
   Level 0.8 Transmutations
 + Level 4.1 Earth Magic


You had 6 spell levels left.
You knew the following spells:

 Your Spells              Type           Power        Failure   Level
z - Sandblast             Erth           ##....       4%          1

Your spell library contained the following spells:

 Spells                   Type           Power        Failure   Level
 Passwall                 Tmut/Erth      #.......     16%         2
 Stone Arrow              Conj/Erth      #.....       34%         3
 Petrify                  Tmut/Erth      #.......     69%         4
 Lee's Rapid Deconstruct  Erth           ##........   80%         5

Inventory:

Missiles
 b - 57 stones (quivered)
Armour
 c - a +0 robe (worn)
Jewellery
 i - an uncursed amulet of guardian spirit {unknown}
Scrolls
 d - a scroll of amnesia {unknown}
 e - a scroll of enchant armour {unknown}
 f - a scroll of identify {unknown}
 g - a scroll of magic mapping {unknown}
Potions
 a - a potion of curing {unknown}
 h - a potion of resistance {unknown}
 j - a potion of might {unknown}
 k - a potion of lignification {unknown}

Dungeon Overview and Level Annotations

Branches:
Dungeon (2/15)

Altars:

..▒▒▒▒▒▒▒ ▒.▒▒.▒.... .
▒▒▒▒▒▒.▒▒.▒.▒.▒▒.
▒▒▒▒..........r.....
▒.....)...▒▒.▒▒▒...
▒........w▒▒.▒▒▒.▒
▒................▒
▒.........▒▒.▒▒▒.▒
▒.....r...▒▒.▒ ▒.▒
▒......n..▒▒.▒▒▒.▒▒▒▒▒..
▒.........▒▒...)........
▒.........▒▒▒▒▒▒.▒▒.▒▒.
▒▒▒▒▒▒▒▒▒▒▒ ▒.......▒
▒........ .........
.......▒▒ .▒......▒
...▒▒▒▒▒▒


You could see a worm and a quokka.


Message History

b - 61 stones
Aiming: Sandblast (safe; 4% risk of failure)
Aim: a worm The blast of sand hits the worm!
The worm is heavily wounded.
b - 60 stones
Aiming: Sandblast (safe; 4% risk of failure)
Aim: a worm (heavily wounded)
The blast of sand misses the worm.
b - 59 stones
* * * LOW MAGIC WARNING * * *
The worm bites you!
* * * LOW HITPOINT WARNING * * *
You don't have enough magic to cast that spell.
Aiming: Sandblast (safe; 4% risk of failure)
Aim: a worm (moderately wounded)
The blast of sand hits the worm.
The worm is heavily wounded.
b - 58 stones
* * * LOW MAGIC WARNING * * *
A quokka comes into view.
The quokka moves out of view.
Aiming: Sandblast (safe; 4% risk of failure)
Aim: a quokka The blast of sand misses the quokka.
b - 57 stones
* * * LOW MAGIC WARNING * * *
The quokka barely misses you. The quokka bites you.
You die...

Action                   || total
-------------------------++-------
Melee: Unarmed           ||    71
 Cast: Sandblast         ||    23
 Stab: Sleeping          ||     4
Armor: Robe              ||    13
Dodge: Dodged            ||    64

Levels and vault maps discovered:
D:1:      giann_wishing_wells, layout_basic
D:2:      layout_basic, kennysheep_generic_room_4, uniq_jessica

Notes
Turn   | Place    | Note
-------+----------+-------------------------------------------
     0 | D:1      | gbos the Ghoul Earth Elementalist began the quest for the
                  | Orb.
     0 | D:1      | Reached XP level 1. HP: 14/14 MP: 2/2
   330 | D:1      | Reached skill level 2 in Spellcasting
   407 | D:1      | Reached XP level 2. HP: 14/20 MP: 0/4
  1052 | D:2      | Reached skill level 4 in Earth Magic
  1052 | D:2      | Reached XP level 3. HP: 26/26 MP: 2/5
  1327 | D:2      | HP: 3/26 [worm (9)]
  1349 | D:2      | Slain by a quokka

Vanquished Creatures
  An adder (D:2)
  2 leopard geckos
  A ball python (D:1)
  2 bats (D:1)
  5 hobgoblins
  2 frilled lizards (D:2)
  7 goblins
  6 rats
26 creatures vanquished.
